 Dungeon Crawl Stone Soup version 0.21.1-1-g345015f (webtiles) character file.

206184 Hasart the Sorcerer (level 18, -2/98 HPs)
             Began as a Deep Elf Fire Elementalist on Apr 7, 2018.
             Was the Champion of Vehumet.
             Slain by Donald
             ... wielding a +0 long sword of slicing
              (28 damage)
             ... on level 2 of the Shoals.
             The game lasted 02:55:07 (49092 turns).

Hasart the Sorcerer (Deep Elf Fire Elementalist)   Turns: 49092, Time: 02:55:08

Health: -2/98      AC:  9    Str:  9    XL:     18   Next: 6%
Magic:  1/45       EV: 21    Int: 33    God:    Vehumet [******]
Gold:   1233       SH:  8    Dex: 18    Spells: 16/59 levels left

rFire    + + .     SeeInvis +   S - +1 long sword "Yqaemah" {venom, rPois rF+ Dex+5}
rCold    . . .     Gourm    .   L - +2 buckler {reflect}
rNeg     . . .     Faith    .   H - +0 troll leather armour
rPois    +         Spirit   .   (no helmet)
rElec    +         Reflect  +   E - scarf {repulsion}
rCorr    .         Harm     .   u - +2 pair of gloves
MR       +....                  t - +0 pair of boots
Stlth    +.........             (no amulet)
HPRegen  0.66/turn              W - ring "Xuyshredd" {+Fly rElec EV+3 Int+4 Dex+3}
MPRegen  0.29/turn              F - ring "Dibubado" {rF+ Str+4 Dex-5 SInv}

@: repel missiles, very slow
A: no striking features
}: 1/15 runes: serpentine
a: Renounce Religion, Evoke Flight


You were on level 2 of the Shoals.
You worshipped Vehumet.
Vehumet was exalted by your worship.
You were not hungry.

You visited 6 branches of the dungeon, and saw 30 of its levels.
You also visited: Volcano.

You collected 2862 gold pieces.
You spent 1629 gold pieces at shops.

Inventory:

Hand Weapons
 o - the +2 mace of Indomitability {flame, rN++}
   (You found it on level 11 of the Dungeon)

   It has been specially enchanted to burn those struck by it, causing extra
   injury to most foes and up to half again as much damage against particularly
   susceptible opponents.
   It greatly protects you from negative energy.
 S - the +1 long sword "Yqaemah" (weapon) {venom, rPois rF+ Dex+5}
   (You found it on level 6 of the Lair of Beasts)

   It poisons the flesh of those it strikes.
   It affects your dexterity (+5).
   It protects you from fire.
   It protects you from poison.
Armour
 t - a +0 pair of boots (worn)
 u - a +2 pair of gloves (worn)
 E - a scarf of repulsion (worn)
 G - +0 acid dragon scales
 H - a +0 troll leather armour (worn)
 L - a +2 buckler of reflection (worn)
 N - a +2 leather armour of fire resistance
Jewellery
 A - an uncursed ring of protection from fire
 F - the ring "Dibubado" (right hand) {rF+ Str+4 Dex-5 SInv}
   (You found it on level 6 of the Dungeon)

   [ring of protection from fire]

   It affects your strength (+4).
   It affects your dexterity (-5).
   It protects you from fire.
   It lets you see invisible.
 W - the ring "Xuyshredd" (left hand) {+Fly rElec EV+3 Int+4 Dex+3}
   (You bought it in a shop on level 11 of the Dungeon)

   [ring of evasion]

   It affects your evasion (+3).
   It affects your intelligence (+4).
   It affects your dexterity (+3).
   It insulates you from electricity.
   It lets you fly.
Wands
 v - a wand of paralysis (56)
 J - a wand of digging (4)
 U - a wand of iceblast (5)
 V - a wand of scattershot (9)
Scrolls
 d - a scroll of enchant armour
 g - a scroll of silence
 h - 11 scrolls of identify
 j - 9 scrolls of teleportation
 k - 4 scrolls of fog
 m - 10 scrolls of remove curse
 q - 3 scrolls of enchant weapon
 r - 5 scrolls of magic mapping
 y - a scroll of blinking
 I - 2 scrolls of amnesia
Potions
 a - 4 potions of brilliance
 e - 3 potions of curing
 i - 2 potions of flight
 l - 2 potions of resistance
 n - 4 potions of heal wounds
 p - 3 potions of haste
 w - 2 potions of ambrosia
 z - 3 potions of lignification
 D - 4 potions of might
 K - a potion of mutation
 M - 3 potions of berserk rage
Comestibles
 c - 25 rations


   Skills:
 - Level 6.0 Fighting
 - Level 4.0 Armour
 - Level 8.6 Dodging
 - Level 2.4 Stealth
 - Level 5.0 Shields
 - Level 21.0 Spellcasting
 + Level 18.2 Conjurations
 * Level 14.4 Fire Magic
 - Level 10.5 Ice Magic
 - Level 7.0 Air Magic
 - Level 7.8 Poison Magic


You had 16 spell levels left.
You knew the following spells:

 Your Spells              Type           Power        Failure   Level  Hunger
a - Poison Arrow          Conj/Pois      #######...   1%          6    None
b - Blink                 Tloc           N/A          1%          2    None
c - Fireball              Conj/Fire      #######...   1%          5    None
d - Olgreb's Toxic Radia  Pois           ######..     1%          4    None
e - Freezing Cloud        Conj/Ice/Air   #######...   1%          6    None
f - Mephitic Cloud        Conj/Pois/Air  #######.     1%          3    None
g - Fire Storm            Conj/Fire      #######...   26%         9    ######.
q - Ignition              Fire           #######...   6%          8    ####...


Dungeon Overview and Level Annotations

Branches:
Dungeon (15/15)            Temple (1/1) D:4            Lair (6/6) D:8
 Shoals (2/4) Lair:3        Snake (4/4) Lair:4        Slime (0/5) Lair:5
    Orc (2/2) D:12            Elf (0/3) Orc:2        Vaults (0/5) D:14
 Depths (0/5) D:15

Altars:
Ashenzari
Cheibriados
Dithmenos
Elyvilon
Fedhas
Gozag
Hepliaklqana
Kikubaaqudgha
Okawaru
Qazlal
Ru
Sif Muna
Uskayaw
Vehumet
Wu Jian
Xom
Yredelemnul
Zin
The Shining One
Beogh
Jiyva

Shops:
D:9 (   D:11 =   Orc:2 *([:   Snake:4 }

Annotations:
D:9 exclusion: oklob plant
Shoals:2 Donald


Message History

Press: ? - help, Shift-Dir - straight line, f/p - Donald
Aim: Donald, wielding a long sword of slicing, wearing a chain mail and wearing a shield (almost dead, fast, unusually strong) Donald blocks the burst of metal fragments. x3
The burst of metal fragments hits Donald.
Donald is almost dead.
The plant is engulfed in freezing vapours. x2
You destroy the plant!
The plant is engulfed in freezing vapours.
You destroy the plant!
Donald hits you with a long sword of slicing!
* * * LOW HITPOINT WARNING * * *
x2 Unknown command.
Casting: Freezing Cloud
Confirm with . or Enter, or press ? or * to list all spells.
You blink.
Splash!
The plant is engulfed in freezing vapours.
Donald says, "I haven't seen any pirates yet.
I hate pirates."
Donald hits you with a long sword of slicing!!
You die...

≈≈≈≈≈≈≈≈≈≈≈.##.P≈≈≈§.....≈≈.PPP..
≈≈≈≈≈≈≈≈≈P≈..§§§§§§≈.....P≈≈≈≈.≈≈
≈≈≈≈≈≈≈≈≈≈≈≈.§§§§§§≈≈≈≈..≈P≈≈≈≈≈≈
≈≈≈≈≈≈≈≈≈≈≈≈≈§§§§§§≈≈≈≈.≈P≈≈≈≈≈≈≈
≈≈≈≈≈≈≈≈≈≈≈≈≈≈≈§§§≈≈≈≈..≈≈≈≈≈≈≈≈≈
.≈≈≈≈≈≈≈≈≈≈≈≈≈≈§§§≈≈:≈..≈PP≈≈.≈†≈
...≈≈≈≈≈≈≈≈≈≈≈≈§P§≈≈≈≈.##.≈≈Y.E≈≈
#...≈≈≈≈≈≈≈≈≈≈≈≈≈@§§.≈##.....<...
###..≈.#.≈≈≈≈≈≈≈@≈≈≈≈≈.....(≈≈)..
#....#.≈≈≈≈≈≈≈≈≈≈≈≈≈≈.≈≈≈m†....
#..≈...≈≈≈≈≈≈≈≈≈≈≈≈≈≈≈≈≈≈...... #
##.....≈≈≈≈≈≈≈≈≈≈≈≈≈≈≈≈≈≈..≈..#
#####...≈≈≈≈≈≈≈≈≈≈≈≈≈≈≈≈≈≈≈.≈≈...
......≈≈≈≈≈≈≈≈≈≈≈≈≈≈≈≈≈≈≈≈≈≈≈≈...
......≈≈≈≈≈≈≈≈≈≈≈≈≈≈≈≈≈≈≈≈≈≈≈....
#....≈≈≈≈≈≈≈≈≈≈≈≈≈≈≈≈≈≈≈
#..≈≈≈≈≈≈≈≈≈≈≈≈≈


You could see Donald.

Vanquished Creatures
  Saint Roka (Orc:2)
  Polyphemus (Shoals:2)
  A kraken (Shoals:2)
  Frances (Shoals:1)
  7 nagarajas
  A frost giant (Shoals:1)
  Louise (Shoals:2)
  2 stone giants (Shoals:1)
  The ghost of keltmir the Cleaver, a journeyman GnWn of Okawaru (Lair:6)
  2 entropy weavers (Lair:4)
  A dire elephant (Lair:6)
  Azrael (D:14)
  The ghost of iamserjio the Nimble, a journeyman OpMo of Dithmenos (D:8)
  A merfolk javelineer (Shoals:1)
  2 merfolk impalers (Shoals:1)
  A fire dragon (D:13)
  Josephine (Lair:4)
  8 hydras
  13 anacondas
  A death knight (D:14)
  18 naga warriors
  2 merfolk avatars
  A catoblepas (Shoals:2)
  3 centaur warriors
  11 two-headed ogres
  2 merfolk aquamancers (Shoals:2)
  2 death yaks (Shoals:2)
  A queen ant (Lair:4)
  An ogre mage (D:15)
  A tengu warrior (D:15)
  An orc high priest (Orc:2)
  15 naga sharpshooters
  Urug (Lair:2)
  5 shock serpents
  A hell knight (Volcano)
  3 salamander mystics
  A skeletal warrior (D:14)
  3 unseen horrors
  A sea snake (Shoals:1)
  8 naga ritualists
  4 wizards
  A phantasmal warrior (D:14)
  A necromancer (D:14)
  5 harpies
  5 mana vipers
  3 orc knights (Orc:2)
  An oklob plant (Lair:5)
  6 fauns
  9 cyclopes
  4 orc sorcerers
  3 ugly things
  2 deep elf magi (D:15)
  7 manticores
  19 elephants
  10 salamanders
  3 merfolk sirens
  9 guardian serpents
  4 molten gargoyles (D:13)
  Psyche (D:8)
  3 centaur zombies
  47 black mambas
  A gargoyle (D:14)
  3 water nymphs
  An ice statue (D:11)
  26 naga magi
  A centaur skeleton (D:15)
  14 spiny frogs
  5 kobold demonologists
  3 rime drakes
  2 efreet
  12 komodo dragons
  2 freezing wraiths
  A tengu conjurer (D:15)
  10 merfolk
  A meliai (D:13)
  6 trolls
  6 polar bears
  8 hippogriffs
  5 slime creatures
  6 dream sheep (Lair:6)
  4 snapping turtles
  8 wraiths
  A basilisk (Lair:4)
  8 water elementals
  9 yaks (Lair:6)
  2 hungry ghosts
  4 fire elementals
  8 wyverns
  7 fire bats (Volcano)
  3 vampire mosquitoes (D:15)
  50 nagas
  An acid dragon (D:11)
  6 hell hounds
  5 soldier ants
  23 water moccasins
  10 porcupines
  23 orc warriors
  3 phantoms
  2 ice beasts
  3 sky beasts
  2 black bears
  A necrophage (D:8)
  An eye of draining (D:12)
  9 ogres
  14 wolves
  10 centaurs
  20 crocodiles
  A big kobold (D:13)
  16 bullfrogs
  A wyvern zombie (D:14)
  A wyvern skeleton (D:11)
  4 scorpions
  17 killer bees
  A wight (D:8)
  8 electric eels
  12 crimson imps
  2 quasits
  8 hounds
  4 lava snakes (Volcano)
  3 human zombies (D:8)
  14 orc priests
  9 jellies
  28 orc wizards
  2 bullfrog skeletons
  4 iguanas
  2 human skeletons (D:8)
  19 worker ants
  A killer bee zombie (D:7)
  An ogre zombie (D:8)
  A hound skeleton (D:10)
  A mummy (D:8)
  2 worker ant zombies
  A howler monkey skeleton (D:7)
  10 adders
  4 gnolls
  4 shadow imps
  8 oozes
  An adder zombie (D:6)
  2 adder skeletons
  A worm (D:3)
  3 dart slugs
  2 leopard geckos
  73 orcs
  9 giant cockroaches
  6 goblins
  8 hobgoblins
  12 jackals
  A kobold (D:1)
  5 quokkas
  4 ball pythons
  4 bats
  6 frilled lizards
  A giant cockroach zombie (D:5)
  A jackal skeleton (D:5)
  An orc zombie (D:8)
  A quokka skeleton (D:5)
  A quokka zombie (D:9)
  12 rats
  8 fungi
  11 plants
988 creatures vanquished.

Vanquished Creatures (collateral kills)
  An ettin (Orc:2)
  An orc warrior (Orc:2)
  An orc wizard (Orc:2)
  2 orcs (Orc:2)
5 creatures vanquished.

Vanquished Creatures (others)
  A faun (Shoals:1)
  A naga mage (Snake:2)
  A black mamba (Snake:2)
  A centaur (D:15)
  29 fungi
  34 plants
  4 tentacles (Shoals:2)
71 creatures vanquished.

Grand Total: 1064 creatures vanquished

Notes
Turn   | Place    | Note
-------+----------+-------------------------------------------
     0 | D:1      | Hasart the Deep Elf Fire Elementalist began the quest for the Orb.
     0 | D:1      | Reached XP level 1. HP: 10/10 MP: 6/6
   124 | D:1      | Reached XP level 2. HP: 15/15 MP: 4/8
   738 | D:2      | Reached XP level 3. HP: 19/19 MP: 7/10
  1788 | D:3      | Reached XP level 4. HP: 24/24 MP: 6/11
  1793 | D:3      | Found a snail-covered altar of Cheibriados.
  1796 | D:3      | Reached skill level 4 in Spellcasting
  1938 | D:3      | Found a basalt altar of Yredelemnul.
  1940 | D:3      | Noticed a profane servitor
  1951 | D:3      | Found a glowing golden altar of the Shining One.
  1953 | D:3      | Noticed an angel
  2481 | D:4      | Reached skill level 5 in Fire Magic
  2490 | D:4      | Reached XP level 5. HP: 16/28 MP: 2/13
  2931 | D:4      | Noticed an ogre
  2940 | D:4      | Killed an ogre
  2940 | D:4      | Reached skill level 5 in Spellcasting
  2940 | D:4      | Reached XP level 6. HP: 32/32 MP: 9/15
  2947 | D:4      | Learned a level 4 spell: Sticky Flame
  2953 | D:4      | Learned a level 5 spell: Fireball
  3577 | D:4      | Found a staircase to the Ecumenical Temple.
  3589 | Temple   | Entered the Ecumenical Temple
  3637 | Temple   | Became a worshipper of Vehumet
  3905 | D:5      | Entered Level 5 of the Dungeon
  4159 | D:5      | Reached XP level 7. HP: 29/36 MP: 13/17
  4434 | D:5      | Reached skill level 6 in Spellcasting
  5127 | D:5      | Reached skill level 5 in Conjurations
  5266 | D:5      | Reached XP level 8. HP: 37/41 MP: 7/20
  5379 | D:5      | Found a shadowy altar of Dithmenos.
  5381 | D:5      | Found a shimmering altar of Xom.
  5383 | D:5      | Found an ancient bone altar of Kikubaaqudgha.
  5500 | D:6      | You fall through a shaft for 3 floors!
  5500 | D:9      | Noticed a hippogriff
  5514 | D:9      | Killed a hippogriff
  5514 | D:9      | Reached * piety under Vehumet
  5514 | D:9      | Offered knowledge of Freeze by Vehumet.
  5514 | D:9      | Reached skill level 7 in Spellcasting
  5788 | D:9      | Noticed a troll
  6137 | D:9      | Found Fewnoreq's Antique Weapon Shoppe.
  6141 | D:9      | Noticed a troll
  6148 | D:9      | Killed a troll
  6148 | D:9      | Reached skill level 8 in Spellcasting
  6394 | D:9      | Learned a level 1 spell: Freeze
  6493 | D:9      | Reached XP level 9. HP: 45/45 MP: 8/23
  6580 | D:9      | Reached skill level 10 in Fire Magic
  6735 | D:9      | Bought a faintly glowing spear for 152 gold pieces
  6735 | D:9      | Identified the +4 spear "Ciukheu" {antimagic, Str+2} (You bought it in a shop on level 9 of the Dungeon)
  7427 | D:9      | Killed a troll
  7620 | D:9      | Reached skill level 9 in Spellcasting
  7689 | D:9      | Found a blossoming altar of Fedhas.
  7756 | D:9      | Noticed an oklob plant
  8224 | D:8      | Noticed Psyche
  8231 | D:8      | Killed Psyche
  8350 | D:8      | Noticed iamserjio's ghost (journeyman OpMo)
  8475 | D:8      | Offered knowledge of Searing Ray by Vehumet.
  8573 | D:7      | Reached ** piety under Vehumet
  8735 | D:7      | Reached XP level 10. HP: 48/50 MP: 11/25
  8737 | D:7      | Reached skill level 1 in Ice Magic
  8916 | D:7      | Found a basalt altar of Yredelemnul.
  9099 | D:7      | Offered knowledge of Dazzling Spray by Vehumet.
  9281 | D:7      | Learned a level 3 spell: Dazzling Spray
  9382 | D:6      | Reached skill level 10 in Spellcasting
  9466 | D:6      | Got a transparent iron ring
  9467 | D:6      | Identified the ring "Dibubado" {rF+ Str+4 Dex-5 SInv} (You found it on level 6 of the Dungeon)
  9563 | D:6      | Reached *** piety under Vehumet
 10020 | D:8      | Killed iamserjio's ghost
 10161 | D:8      | Learned a level 3 spell: Mephitic Cloud
 10166 | D:8      | Learned a level 4 spell: Olgreb's Toxic Radiance
 10181 | D:8      | Offered knowledge of Iskenderun's Mystic Blast by Vehumet.
 10428 | D:8      | Reached skill level 1 in Poison Magic
 10456 | D:8      | Noticed a two-headed ogre
 10460 | D:8      | Killed a two-headed ogre
 10605 | D:8      | Found a staircase to the Lair.
 10636 | D:8      | Reached skill level 5 in Dodging
 11011 | D:8      | Reached **** piety under Vehumet
 11118 | D:8      | Found a basalt altar of Yredelemnul.
 11356 | D:10     | Entered Level 10 of the Dungeon
 11472 | D:10     | Reached XP level 11. HP: 52/53 MP: 15/27
 11480 | D:10     | Offered knowledge of Lightning Bolt by Vehumet.
 11786 | D:10     | Reached skill level 11 in Spellcasting
 11869 | D:10     | Reached skill level 1 in Shields
 11888 | D:10     | Noticed a two-headed ogre
 11901 | D:10     | Killed a two-headed ogre
 11963 | D:10     | Noticed an unseen horror
 11964 | D:10     | Killed an unseen horror
 12259 | D:10     | Reached skill level 5 in Poison Magic
 13130 | D:11     | Found Ysoe's Jewellery Emporium.
 13553 | D:11     | Got a dazzling mace
 13562 | D:11     | Identified the +2 mace of Indomitability {flame, rN++} (You found it on level 11 of the Dungeon)
 13895 | D:11     | Noticed a red ugly thing
 13913 | D:11     | Killed a red ugly thing
 14098 | D:11     | Noticed a two-headed ogre
 14101 | D:11     | Killed a two-headed ogre
 14105 | D:11     | Reached skill level 12 in Spellcasting
 14238 | D:11     | Found a white marble altar of Elyvilon.
 14532 | Lair:1   | Entered Level 1 of the Lair of Beasts
 14749 | Lair:1   | Reached skill level 5 in Shields
 14786 | Lair:1   | Noticed a five-headed hydra
 15154 | Lair:1   | Found a dark tunnel.
 15178 | Volcano  | Entered a volcano
 15286 | Volcano  | Reached XP level 12. HP: 28/59 MP: 21/30
 15613 | Volcano  | Reached ***** piety under Vehumet
 15797 | Volcano  | Offered knowledge of Bolt of Draining by Vehumet.
 16335 | Volcano  | Learned a level 6 spell: Freezing Cloud
 16368 | Volcano  | Reached skill level 1 in Air Magic
 16549 | Volcano  | Found a radiant altar of Vehumet.
 16568 | Volcano  | Found a burning altar of Makhleb.
 16721 | Lair:1   | Killed a five-headed hydra
 16721 | Lair:1   | Reached skill level 13 in Spellcasting
 16721 | Lair:1   | Reached skill level 10 in Conjurations
 17442 | Lair:2   | Noticed Urug
 17449 | Lair:2   | Killed Urug
 18046 | Lair:2   | Reached skill level 5 in Ice Magic
 19511 | Lair:3   | Found a staircase to the Shoals.
 19857 | Lair:4   | Noticed a seven-headed hydra
 19866 | Lair:4   | Killed a seven-headed hydra
 20109 | Lair:4   | Noticed an entropy weaver
 20116 | Lair:4   | Killed an entropy weaver
 20116 | Lair:4   | Reached XP level 13. HP: 56/63 MP: 29/32
 20123 | Lair:4   | Noticed an entropy weaver
 20186 | Lair:4   | Noticed Josephine
 20189 | Lair:4   | Killed Josephine
 20520 | Lair:4   | Reached skill level 14 in Spellcasting
 20621 | Lair:4   | Found a staircase to the Snake Pit.
 20719 | Lair:4   | Reached skill level 5 in Air Magic
 21327 | Lair:4   | Offered knowledge of Force Lance by Vehumet.
 21498 | Lair:4   | Killed an entropy weaver
 22840 | Lair:5   | Found a staircase to the Slime Pits.
 22842 | Lair:5   | Found a viscous altar of Jiyva.
 23408 | Lair:6   | Entered Level 6 of the Lair of Beasts
 23412 | Lair:6   | Reached skill level 15 in Spellcasting
 23505 | Lair:6   | Got a warped ring mail
 23506 | Lair:6   | Identified the +5 ring mail "Vathresk" {*Contam Dex+8} (You found it on level 6 of the Lair of Beasts)
 24100 | Lair:6   | Noticed keltmir's ghost (journeyman GnWn)
 24107 | Lair:6   | Killed keltmir's ghost
 24121 | Lair:6   | Reached XP level 14. HP: 52/68 MP: 15/35
 24597 | D:12     | Found a staircase to the Orcish Mines.
 24674 | Orc:1    | Entered Level 1 of the Orcish Mines
 24776 | Orc:1    | Found a roughly hewn altar of Beogh.
 24828 | D:11     | Bought the ring "Xuyshredd" {+Fly rElec EV+3 Int+4 Dex+3} for 777 gold pieces
 24927 | Orc:2    | Entered Level 2 of the Orcish Mines
 26281 | Orc:2    | Found a staircase to the Elven Halls.
 26787 | Orc:2    | Noticed Saint Roka
 26822 | Orc:2    | Killed Saint Roka
 27511 | Orc:2    | Found a roughly hewn altar of Beogh.
 27765 | Orc:2    | Found Duw Kune's Book Emporium.
 27771 | Orc:2    | Offered knowledge of Poison Arrow by Vehumet.
 27892 | Orc:2    | Found Rublued's Antique Weapon Emporium.
 27935 | Orc:2    | Found Qawkeluhupp's General Store.
 27951 | Orc:2    | Found Bimu's Antique Armour Emporium.
 27993 | Orc:2    | Bought a bloodstained dagger for 189 gold pieces
 28025 | Orc:2    | Bought a pair of runed gloves for 232 gold pieces
 28025 | Orc:2    | Bought a twisted ring mail for 279 gold pieces
 28035 | Orc:2    | Identified the cursed +0 ring mail of the Orb {*Contam Int+6} (You bought it in a shop on level 2 of the Orcish Mines)
 28045 | Orc:2    | Identified the cursed +1 dagger "Pakemi" {pain, rPois} (You bought it in a shop on level 2 of the Orcish Mines)
 28070 | Orc:2    | Learned a level 6 spell: Poison Arrow
 29565 | D:13     | Reached skill level 1 in Armour
 30012 | D:13     | Found a radiant altar of Vehumet.
 30077 | D:13     | Reached skill level 16 in Spellcasting
 31173 | D:14     | Reached skill level 10 in Ice Magic
 31330 | D:14     | Noticed Azrael
 31800 | D:14     | Killed Azrael
 32159 | D:14     | Reached XP level 15. HP: 72/72 MP: 19/37
 32395 | D:14     | Found a gate to the Vaults.
 32430 | D:14     | Found a stormy altar of Qazlal.
 32696 | D:15     | Entered Level 15 of the Dungeon
 33124 | D:15     | Learned a level 2 spell: Blink
 33635 | D:15     | Offered knowledge of Irradiate by Vehumet.
 34344 | D:15     | Reached skill level 17 in Spellcasting
 34542 | D:15     | Found a staircase to the Depths.
 34890 | Lair:6   | Reached skill level 1 in Fighting
 36327 | Lair:6   | Got a scorched long sword
 36340 | Lair:6   | Identified the cursed +1 long sword "Yqaemah" {venom, rPois rF+ Dex+5} (You found it on level 6 of the Lair of Beasts)
 36703 | Snake:1  | Entered Level 1 of the Snake Pit
 37494 | Snake:1  | Reached skill level 18 in Spellcasting
 37659 | Snake:1  | Offered knowledge of Ozocubu's Refrigeration by Vehumet.
 37795 | Snake:2  | Reached XP level 16. HP: 84/84 MP: 37/40
 38284 | Snake:2  | Reached skill level 15 in Conjurations
 39259 | Snake:3  | Reached skill level 5 in Fighting
 41214 | Snake:4  | Entered Level 4 of the Snake Pit
 41447 | Snake:4  | Reached skill level 19 in Spellcasting
 41691 | Snake:4  | Offered knowledge of Bolt of Fire by Vehumet.
 43348 | Snake:4  | Reached XP level 17. HP: 93/93 MP: 22/42
 43745 | Snake:4  | Reached skill level 20 in Spellcasting
 44521 | Snake:4  | Reached ****** piety under Vehumet
 44913 | Snake:4  | Offered knowledge of Bolt of Cold by Vehumet.
 46056 | Snake:4  | Got a serpentine rune of Zot
 46238 | Snake:4  | Found Vyschimepp's Gadget Emporium.
 46477 | Shoals:1 | Entered Level 1 of the Shoals
 46477 | Shoals:1 | Noticed Frances
 46479 | Shoals:1 | Killed Frances
 47431 | Shoals:1 | Reached skill level 21 in Spellcasting
 47931 | Shoals:2 | Noticed Polyphemus
 48478 | Shoals:2 | Noticed Louise
 48489 | Shoals:2 | Killed Louise
 48597 | Shoals:2 | Killed Polyphemus
 48676 | Shoals:2 | Offered knowledge of Fire Storm by Vehumet.
 48676 | Shoals:2 | Offered knowledge of Chain Lightning by Vehumet.
 48676 | Shoals:2 | Offered knowledge of Ignition by Vehumet.
 48686 | Shoals:2 | Learned a level 8 spell: Ignition
 48840 | Shoals:2 | Learned a level 9 spell: Fire Storm
 48934 | Shoals:2 | Noticed a kraken
 48937 | Shoals:2 | Killed a kraken
 48937 | Shoals:2 | Reached XP level 18. HP: 98/98 MP: 28/45
 49078 | Shoals:2 | Noticed Donald
 49092 | Shoals:2 | Slain by Donald

Skill      XL: |  1  2  3  4  5  6  7  8  9 10 11 12 13 14 15 16 17 |
---------------+----------------------------------------------------+-----
Fire Magic     | 4 5 6 7 9 11 12 13 14 | 14.4
Conjurations   | 2 3 4 5 6 7 9 10 12 13 14 16 18 | 18.2
Spellcasting   | 4 5 6 8 9 10 12 13 15 16 18 19 21 | 21.0
Ice Magic      | 2 5 8 10 | 10.5
Dodging        | 5 8 |  8.6
Poison Magic   | 4 6 7 |  7.8
Shields        | 5 |  5.0
Air Magic      | 4 7 |  7.0
Armour         | 4 |  4.0
Fighting       | 4 6 |  6.0
Stealth        | |  2.4

Action                   |  1- 3 |  4- 6 |  7- 9 | 10-12 | 13-15 | 16-18 || total
-------------------------+-------+-------+-------+-------+-------+-------++-------
Melee: Dagger            |     1 |    23 |       |       |   126 |       ||   150
       Hunting sling     |       |       |     1 |       |       |       ||     1
       Mace              |       |       |       |    23 |    62 |       ||    85
       Long sword        |       |       |       |       |    19 |    49 ||    68
 Fire: Hunting sling     |       |    17 |    82 |       |       |       ||    99
 Cast: Flame Tongue      |    70 |    86 |   187 |   264 |    22 |       ||   629
       Fireball          |       |       |    15 |    61 |   137 |     4 ||   217
       Sticky Flame      |       |       |    16 |    47 |     2 |       ||    65
       Freeze            |       |       |     5 |    32 |       |       ||    37
       Olgreb's Toxic Ra |       |       |       |    28 |     9 |       ||    37
       Freezing Cloud    |       |       |       |    34 |   246 |   158 ||   438
       Poison Arrow      |       |       |       |       |    61 |   275 ||   336
       Blink             |       |       |       |       |     1 |     2 ||     3
       Mephitic Cloud    |       |       |       |       |     1 |       ||     1
       Ignition          |       |       |       |       |       |     2 ||     2
Evoke: Wand              |       |       |       |       |     3 |     2 ||     5
  Use: Scroll            |       |       |     4 |    20 |    18 |     8 ||    50
       Potion            |       |       |     2 |     2 |     5 |     6 ||    15
 Stab: Sleeping          |     1 |       |       |       |     1 |       ||     2
       Distracted        |       |     1 |       |     1 |     1 |       ||     3
  Eat: Chunk             |     2 |     7 |    15 |    29 |    58 |     5 ||   116
       Ration            |       |       |     4 |     6 |     6 |     9 ||    25
Armor: Robe              |     5 |    19 |    78 |    44 |       |       ||   146
       Leather armour    |       |       |       |     5 |    33 |       ||    38
       Troll leather arm |       |       |       |       |    27 |     9 ||    36
       Ring mail         |       |       |       |       |     3 |       ||     3
Dodge: Dodged            |    16 |    26 |   125 |   137 |   172 |   117 ||   593
       Deflected         |       |       |       |     1 |    10 |    38 ||    49
Block: Buckler           |       |       |       |    57 |    85 |    82 ||   224
       Reflection        |       |       |       |       |     4 |    32 ||    36
       Rpst.: Falchion   |       |       |       |     1 |       |       ||     1
       Long sword        |       |       |       |       |     2 |    18 ||    20
